 Dungeon Crawl Stone Soup version 0.28.0-53-g5a82cb258f (webtiles) character file.

Game seed: 16123799837863593185

463 Sin92 the Skirmisher (level 6, -4/48 HPs)
             Began as a Demonspawn Fighter on June 13, 2022.
             Was an Initiate of Okawaru.
             Slain by a mummy (10 damage)
             ... in an ossuary.
             The game lasted 00:05:01 (3386 turns).

Sin92 the Skirmisher (Demonspawn Fighter)           Turns: 3386, Time: 00:05:02

Health: -4/48      AC: 13    Str: 17    XL:     6   Next: 79%
Magic:  6/6        EV:  7    Int:  9    God:    Okawaru [......]
Gold:   119        SH:  5    Dex: 14    Spells: 5/5 levels left

rFire   . . .      SeeInvis .   a - +2 long sword
rCold   . . .      Faith    .   c - +0 buckler
rNeg    . . .      Spirit   .   f - +1 chain mail
rPois   .          Reflect  .   (no helmet)
rElec   .          Harm     .   (no cloak)
rCorr   .          Rampage  .   (no gloves)
Will    .....                   g - +0 pair of boots
Stlth   ..........              (no amulet)
HPRegen 0.16/turn               (no ring)
MPRegen 0.10/turn               (no ring)

@: no status effects
A: powered by pain 1, spiny 1, sharp scales 2
a: Renounce Religion


You were in an ossuary.
You worshipped Okawaru.
Okawaru was noncommittal.
You visited 2 branches of the dungeon, and saw 5 of its levels.
You also visited: Ossuary.

You collected 119 gold pieces.

Inventory:

Hand Weapons
 a - a +2 long sword (weapon)
Armour
 b - a +0 scale mail
 c - a +0 buckler (worn)
 f - a +1 chain mail (worn)
 g - a +0 pair of boots (worn)
Scrolls
 e - a scroll of identify
Potions
 h - a potion of curing
 i - a potion of magic


   Skills:
 + Level 4.3 Fighting
 + Level 3.3 Long Blades
 + Level 3.9 Armour
 + Level 2.5 Dodging
 + Level 3.9 Shields


You had 5 spell levels left.
You didn't know any spells.
Your spell library contained the following spells:

 Spells                   Type           Power      Damage    Failure   Level
 Ignite Poison            Fire/Tmut/Pois 0%         N/A       100%        3
 Mephitic Cloud           Conj/Pois/Air  0%         N/A       100%        3
 Freezing Cloud           Conj/Ice/Air   0%         6-21      100%        5


Dungeon Overview and Level Annotations

Branches:
Dungeon (4/15)             Temple (1/1) D:4         Ossuary (1/1)

Altars:
Ashenzari
Cheibriados
Dithmenos
Elyvilon
Gozag
Hepliaklqana
Kikubaaqudgha
Makhleb
Okawaru
Qazlal
Ru
Sif Muna
Trog
Uskayaw
Wu Jian
Xom
Yredelemnul
Zin
The Shining One

Shops:
D:3 *


Innate Abilities, Weirdness & Mutations

You sometimes gain a little power by taking damage.
You are partially covered in sharp spines.
You are mostly covered in razor-sharp scales. (AC +2, Slay +2)


Message History

You barely miss the mummy.
The mummy is lightly damaged.
The mummy barely misses you. The mummy hits you!
Unknown command.
You hit the mummy.
The mummy is moderately damaged.
The mummy hits you! The mummy hits you.
Unknown command.
You slash the mummy!
The mummy is severely damaged.
The mummy is struck by your spines. The mummy hits you! The mummy hits you.
* * * LOW HITPOINT WARNING * * *
Unknown command.
There are monsters nearby!
There are monsters nearby!
You are too injured to fight recklessly!
Unknown command.
Unknown command.
There are monsters nearby!
You are too injured to fight recklessly!
Unknown command.
There are monsters nearby!
You are too injured to fight recklessly!
You are too injured to fight recklessly!
Okay, then.
Okay, then.
You aren't carrying any pieces of jewellery.
Unknown command.
You hit the mummy but do no damage. The mummy hits you but does no damage.
The mummy hits you but does no damage.
You barely miss the mummy.
The mummy is almost destroyed.
The mummy hits you but does no damage.
Unknown command.
You barely miss the mummy.
The mummy is almost destroyed.
The mummy hits you!
* * * LOW HITPOINT WARNING * * *
The mummy hits you!
You die...

##.... ### #.....
##..## ...
#.....##....##...
#................
...............
.............
#........#
#.MM...# ##M@..##
#....# #....#
#....# #....#
#....# #....#
#....# #.∩∩.#


You could see 3 mummies.

Vanquished Creatures
  2 ogres (D:4)
  Natasha (thrice) (D:2)
  An orc wizard (D:2)
  2 mummies (Ossuary)
  6 adders
  2 worms (D:3)
  3 dart slugs
  7 orcs
  6 endoplasms
  5 giant cockroaches
  2 gnoll zombies (Ossuary)
  10 goblins
  6 hobgoblins
  8 kobolds
  4 quokkas
  2 ball pythons
  13 bats
  3 frilled lizards
  A hobgoblin zombie (Ossuary)
  3 kobold zombies (Ossuary)
  2 orc zombies (Ossuary)
  10 rats
101 creatures vanquished.

Vanquished Creatures (others)
  5 plants
5 creatures vanquished.

Grand Total: 106 creatures vanquished

Notes
Turn   | Place    | Note
-------+----------+-------------------------------------------
     0 | D:1      | Sin92 the Demonspawn Fighter began the quest for the Orb.
     0 | D:1      | Reached XP level 1. HP: 18/18 MP: 1/1
    71 | D:1      | Gained mutation: You sometimes gain a little power by
                  | taking damage. [demonic ancestry]
    71 | D:1      | Reached XP level 2. HP: 18/24 MP: 2/2
   408 | D:1      | Gained mutation: You are partially covered in razor-sharp
                  | scales. (AC +1, Slay +1) [demonic ancestry]
   408 | D:1      | Reached XP level 3. HP: 29/29 MP: 3/3
   412 | D:1      | Found a faded altar of an unknown god.
   609 | D:1      | Reached skill level 1 in Dodging
   999 | D:2      | Reached XP level 4. HP: 35/35 MP: 4/4
  1006 | D:2      | Found an ornate altar of the Wu Jian Council.
  1513 | D:2      | Noticed Natasha
  1521 | D:2      | Killed Natasha
  1522 | D:2      | Gained mutation: You are mostly covered in razor-sharp
                  | scales. (AC +2, Slay +2) [demonic ancestry]
  1522 | D:2      | Reached XP level 5. HP: 31/42 MP: 5/5
  1620 | D:2      | Noticed Natasha
  1631 | D:2      | Killed Natasha
  1902 | D:2      | Noticed Natasha
  1912 | D:2      | Killed Natasha
  2013 | D:3      | Found a hazy altar of Hepliaklqana.
  2507 | D:3      | Found Gonir's Assorted Antiques.
  2853 | D:4      | Noticed an ogre
  2864 | D:4      | Killed an ogre
  2865 | D:4      | Reached skill level 4 in Fighting
  2865 | D:4      | Gained mutation: You are partially covered in sharp spines.
                  | [demonic ancestry]
  2865 | D:4      | Reached XP level 6. HP: 11/48 MP: 6/6
  3122 | D:4      | Found a staircase to the Ecumenical Temple.
  3131 | Temple   | Entered the Ecumenical Temple
  3186 | Temple   | Became a worshipper of Warmaster Okawaru
  3337 | D:4      | Found a sand-covered staircase.
  3345 | Ossuary  | Entered an ossuary
  3386 | Ossuary  | Slain by a mummy

Illustrated notes

Levels and vault maps discovered:
D:1:      grunt_arrival_crossed_arrows, layout_rooms,
          ebering_ecumenical_altar_webs, minmay_strange_pillars,
          minmay_close_crescents
D:2:      layout_basic, basic_altar, minivault_11, uniq_natasha
D:3:      layout_loops_ring, nicolae_hepliaklqana_hazy_memory, serial_shops,
          nicolae_shop_statue_plus
D:4:      layout_basic, minmay_temple_entry_mist, chequers_ossuary_entry_cave,
          minmay_goblin_outpost
Temple:   kilobyte_greek_temple
Ossuary:  ossuary_tomb_3

Skill      XL: |  1  2  3  4  5 |
---------------+----------------+-----
Long Blades    | 2 3 |  3.3
Armour         | 3 |  3.9
Shields        | 3 |  3.9
Dodging        | 1 2 |  2.5
Fighting       | 4 |  4.3

Action                   |  1- 3 |  4- 6 || total
-------------------------+-------+-------++-------
Melee: Long sword        |   112 |   158 ||   270
  Use: Scroll            |       |     8 ||     8
       Potion            |       |     1 ||     1
Armor: Scale mail        |    53 |       ||    53
       Chain mail        |    27 |    95 ||   122
Dodge: Dodged            |    61 |    62 ||   123
Block: Buckler           |    37 |    39 ||    76
